[Event "Late-Titled-Tuesday-Blitz-May-07-2024"]
[Site "Chess.com"]
[Date "2024.05.07"]
[Round "7"]
[White "Vincefm"]
[Black "Oleg_Papayan"]
[Result "0-1"]
[WhiteElo "2494"]
[BlackElo "2644"]
[TimeControl "180+1"]
[EndTime "15:17:30 PDT"]
[Termination "Oleg_Papayan won by checkmate"]

1. e4 d5 2. exd5 Qxd5 3. Nc3 Qd8 4. Bc4 c6 5. Nf3 Bf5 6. d4 e6 7. O-O Be7 8. Qe2 Nf6 9. Rd1 Bg4 10. Bf4 O-O 11. h3 Bh5 12. Ne4 Nbd7 13. Bd3 Nxe4 14. Bxe4 Nf6 15. Bd3 Qb6 16. Rab1 Rfd8 17. c3 a5 18. Bc2 a4 19. Be5 Ra5 20. Rd2 Bxf3 21. Qxf3 Rxe5 22. dxe5 Rxd2 23. exf6 Bxf6 24. Bxa4 Rxb2 25.
Rxb2 Qxb2 26. Bb3 Bxc3 27. Qd3 Bd4 28. Qf3 Qc1+ 29. Kh2 Qc5 30. g3 Bxf2 31. Kg2 Bd4 32. Qe4 Bf6 33. Bxe6 fxe6 34. Qxe6+ Kf8 35. Qc8+ Kf7 36.
Qxb7+ Be7 37. Qd7 Qd5+ 38. Qxd5+ cxd5 39. Kf2 Bc5+ 40. Ke2 Ba3 41. Kd3 Ke6 42. Kd4 Kd6 43. g4 g5 44. Kd3 Ke5 45. Ke3 Bc5+ 46. Kd3 Kf4 47. a4 Kg3 48. a5 Kxh3 49. a6 Kxg4 50.
Ke2 h5 51. Kf1 Kg3 52. Ke2 Ba7 53. Kf1 h4 54. Ke2 h3 55. Kd3 h2 56. Kc3 h1=Q 57.
Kb4 Kf2 58. Kb5 g4 59. Kc6 g3 60. Kd6 g2 61. Ke5 g1=Q 62. Kd6 d4 63. Kc7 d3 64. Kd6 d2 65. Ke5 d1=Q 66. Kf4 Qh4+ 67. Ke5 Qgg5+ 68. Ke6 Qe2+ 69. Kf7 Qf3+ 70. Ke6 Qff6+ 71.
Kd7 Qgg7+ 72. Ke8 Qe4# 0-1

[Event "Late-Titled-Tuesday-Blitz-May-07-2024"]
[Site "Chess.com"]
[Date "2024.05.07"]
[Round "7"]
[White "Mikhail_Golubev"]
[Black "ChadBiryani"]
[Result "0-1"]
[WhiteElo "2607"]
[BlackElo "2556"]
[TimeControl "180+1"]
[EndTime "15:17:34 PDT"]
[Termination "ChadBiryani won on time"]

1. e4 d6 2. d4 Nf6 3. Nc3 e5 4. Nf3 Nbd7 5. Bc4 Be7 6. a4 O-O 7. O-O a5 8. Re1 h6 9. h3 c6 10.
Be3 Re8 11. Ba2 Qc7 12. Nh4 Nf8 13. Qf3 Be6 14. Nf5 Bxa2 15. Rxa2 Ng6 16. Raa1 Rad8 17.
Rad1 Nh7 18. Qg3 Kh8 19. Nxe7 Rxe7 20. dxe5 dxe5 21. Rxd8+ Qxd8 22. Rd1 Rd7 23. Rxd7 Qxd7 24. Bb6 Qd2 25. Qd3 Qc1+ 26. Kh2 Nf6 27. b3 Nf4 28.
Qd1 Qa3 29. Bxa5 Qc5 30. Qd8+ Kh7 31. Qb6 Qe7 32. Qe3 Qd7 33. Bb6 g5 34. f3 h5 35. a5 g4 36. fxg4 hxg4 37. Ne2 gxh3 38. gxh3 Qd1 39. Nxf4 exf4 40. Qxf4 Qxc2+ 41. Kh1 Qb1+ 42. Kh2 Qc2+ 43. Kg1 Qb1+ 44. Kg2 Qc2+ 45. Kh1 Qb1+ 46. Kh2 Kg6 47. Qg3+ Kh7 48. Qh4+ Kg6 49. Qg3+ Kh6 50. Qh4+ Nh5 51. Qf2 Kg6 52. Qf5+ Kh6 0-1

[Event "Late-Titled-Tuesday-Blitz-May-07-2024"]
[Site "Chess.com"]
[Date "2024.05.07"]
[Round "7"]
[White "Balla_Tamas"]
[Black "Fins0905"]
[Result "0-1"]
[WhiteElo "2523"]
[BlackElo "2732"]
[TimeControl "180+1"]
[EndTime "15:17:35 PDT"]
[Termination "Fins0905 won by resignation"]

1. e4 d5 2. exd5 Qxd5 3. Nc3 Qa5 4. d4 Nf6 5. Bc4 Bg4 6. f3 Bd7 7. Bd2 Qb6 8. Nge2 e6 9. O-O Be7 10. Kh1 O-O 11. Bb3 c5 12. dxc5 Bxc5 13. Ng3 Rd8 14. Nge4 Nxe4 15. Nxe4 Be7 16. Qe1 Nc6 17. Bc3 Be8 18.
Qg3 Nd4 19. Rad1 Nf5 20. Qe5 Bf8 21. Rxd8 Rxd8 22. Re1 Rc8 23. Ng5 Bd7 24. Nxf7 Rc5 25. Qf4 Kxf7 26. Re5 Rxe5 27. Bxe5 Ke8 28. Bc3 Qd6 29.
Qc1 Qc5 30. a3 Nd4 31. Ba2 Ne2 32. Qe1 Nxc3 33. bxc3 Qd6 34. h3 Kd8 35. Bb3 Qxa3 36. Qe3 Qc5 37. Qf4 Bd6 38. Qg5+ Kc7 39. Qxg7 Qe5 40. Qxe5 Bxe5 41. g4 Bxc3 42. h4 a5 43.
Kg2 a4 44. Ba2 Kd6 45. g5 e5 46. Kg3 Bf5 47. f4 Bxc2 48. fxe5+ Bxe5+ 49. Kg4 b5 50. h5 b4 51. g6 hxg6 52. h6 b3 0-1

[Event "Late-Titled-Tuesday-Blitz-May-07-2024"]
[Site "Chess.com"]
[Date "2024.05.07"]
[Round "7"]
[White "Axf7"]
[Black "SHIVACalypso"]
[Result "1/2-1/2"]
[WhiteElo "2066"]
[BlackElo "2531"]
[TimeControl "180+1"]
[EndTime "15:17:36 PDT"]
[Termination "Game drawn by repetition"]

1. e4 e5 2. Nf3 Nc6 3. d4 d5 4.
Bb5 exd4 5. Nxd4 Bd7 6. exd5 Nxd4 7. Bxd7+ Qxd7 8. Qxd4 Nf6 9. c4 Bb4+ 10. Nc3 c6 11. O-O O-O 12. Bg5 Bxc3 13. bxc3 Ne8 14. Rfe1 f6 15. Bf4 Rd8 16. Rad1 cxd5 17. cxd5 Nd6 18. Bxd6 Qxd6 19. c4 b6 20. Re6 Qb4 21. h4 Rc8 22. Rc6 Rce8 23. d6 Rd8 24. h5 Rd7 25. h6 Rfd8 26. hxg7 Kxg7 27. Qg4+ Kf7 28. Qh5+ Kg7 29. Rd3 Qb1+ 30. Rd1 Qg6 31. Qxg6+ hxg6 32. a4 Kf7 33. a5 bxa5 34. c5 Rb8 35. Ra6 Rbd8 36. Rxa5 Ke6 37. Ra6 Rc8 38. c6 Rxd6 39. Rxd6+ Kxd6 40. Rxa7 Rxc6 41. g3 Ke5 42. Kg2 Rc3 43. Rg7 Kf5 44. Re7 g5 45.
Re8 Kg4 46. Re7 f5 47. Rd7 f4 48. Rd4 Rc2 49. gxf4 gxf4 50. Ra4 Rb2 51. Rc4 Ra2 52. Rb4 Rc2 53. Ra4 Rd2 54. Rb4 Re2 55. Ra4 Rb2 56. Rc4 Kf5 57. Kf3 Rb3+ 58. Kg2 Ke5 59. Ra4 Kf5 60.
Rc4 Kg4 61. Ra4 Rb2 1/2-1/2

[Event "Late-Titled-Tuesday-Blitz-May-07-2024"]
[Site "Chess.com"]
[Date "2024.05.07"]
[Round "7"]
[White "Hasangatin_Ramil"]
[Black "eljanov"]
[Result "0-1"]
[WhiteElo "2677"]
[BlackElo "2865"]
[TimeControl "180+1"]
[EndTime "15:17:39 PDT"]
[Termination "eljanov won on time"]

1. e4 c6 2. Nf3 d5 3. d3 e6 4.
g3 Nf6 5. Qe2 c5 6. Bg2 Nc6 7. O-O Be7 8. e5 Nd7 9. c4 O-O 10. Re1 Re8 11. h4 a6 12. Bf4 b5 13.
b3 Nf8 14. h5 h6 15. Nc3 Bb7 16. cxb5 axb5 17. Nxb5 Ba6 18. Nc3 Nb4 19. Red1 Nh7 20. a3 Nc6 21. Qc2 Ng5 22. Bxg5 hxg5 23. g4 Qc7 24. Na4 Nxe5 25. Nxe5 Qxe5 26. Nxc5 Qd4 27.
Nxa6 Rxa6 28. b4 Qxg4 29. b5 Rxa3 30. Rxa3 Bxa3 31. Ra1 Bd6 32. Qc6 Rd8 33. b6 Qxh5 34. b7 Rb8 35. Qxd6 Rxb7 36. Re1 Kh7 37. Qh2 Qxh2+ 38. Kxh2 Rb2 39. Kg3 Rd2 40. Bf1 Kg6 41.
Kf3 Ra2 42. Ke3 Ra4 43. d4 f5 44. Bd3 Kf6 45. Rh1 f4+ 46. Kf3 Rxd4 47. Be2 Rd2 48. Bd1 e5 49. Ba4 e4+ 50. Kg4 Rxf2 51. Rh8 e3 52. Rf8+ Ke5 53. Kxg5 e2 54. Re8+ Kd4 55. Bb5 f3 56. Kf4 Rf1 57. Kg3 e1=Q+ 0-1

[Event "Late-Titled-Tuesday-Blitz-May-07-2024"]
[Site "Chess.com"]
[Date "2024.05.07"]
[Round "7"]
[White "yaguigor"]
[Black "Veleamater"]
[Result "1-0"]
[WhiteElo "2595"]
[BlackElo "2440"]
[TimeControl "180+1"]
[EndTime "15:17:40 PDT"]
[Termination "yaguigor won on time"]

1. d4 d6 2. e4 g6 3. c4 Bg7 4.
Nc3 Nf6 5. Be2 O-O 6. Nf3 Nc6 7.
d5 Ne5 8. Nxe5 dxe5 9. Be3 h6 10. Qd2 Kh7 11. f3 Ne8 12. g4 e6 13. h4 exd5 14.
cxd5 Nd6 15. h5 g5 16. Kf2 f6 17. Rac1 Rf7 18. Kg3 Bf8 19. Na4 b6 20. Rc2 Kg7 21. Rhc1 Bd7 22. Ba6 Bxa4 23. b3 Be8 24. a4 Rd7 25.
Rc3 Qe7 26. Qc2 Bf7 27. Rxc7 Rad8 28. Rc6 Ne8 29. Bc8 Rd6 30. Bf5 Qb7 31. b4 Kg8 32. b5 Ng7 33. Bc8 Qb8 34. Ba6 Ne8 35.
Rc8 Rxc8 36. Qxc8 Qxc8 37. Rxc8 Be7 38. a5 Kf8 39. Ra8 Bd8 40. Rxa7 bxa5 41. Bb7 Bb6 42.
Bxb6 Rxb6 43. Bc6 Nd6 44. Rxa5 Be8 45. Ra8 Ke7 46. Ra7+ Kf8 47. Ra5 Bxc6 48. bxc6 Rb4 49. Ra8+ Ke7 50. Ra7+ Kf8 51. Rd7 Ne8 52. d6 Rc4 53. c7 Nxd6 54. Rxd6 Rxc7 55. Rxf6+ Kg7 56. Rg6+ Kf7 57. Rxh6 1-0

[Event "Late-Titled-Tuesday-Blitz-May-07-2024"]
[Site "Chess.com"]
[Date "2024.05.07"]
[Round "7"]
[White "Narek_Ghimoyan"]
[Black "GothamChess"]
[Result "0-1"]
[WhiteElo "2432"]
[BlackElo "2714"]
[TimeControl "180+1"]
[EndTime "15:17:43 PDT"]
[Termination "GothamChess won by resignation"]

1. d4 f5 2. c4 Nf6 3. Nc3 g6 4. h4 d6 5. h5 Nxh5 6. e4 fxe4 7. Rxh5 gxh5 8. Qxh5+ Kd7 9. d5 Qe8 10. Qg4+ Kd8 11. Qxe4 Qg6 12. Qh4 Qg4 13. Qh1 Na6 14. Be2 Qg6 15. Bh5 Qf5 16. Be3 Nb4 17. g4 Qd3 18. Rc1 Qxc4 19. Bg6 Qxg4 20. Bb1 Bf5 21. f3 Qg3+ 22. Bf2 Qg5 23. Nge2 Bxb1 24. Rxb1 Nd3+ 25. Kf1 Bg7 26. Ne4 Qxd5 27. Rd1 Nxf2 28. Kxf2 Qxa2 29. Qh3 c6 30. Ng5 Kc7 31. Ne6+ Kb6 32. Nxg7 Raf8 33. Ne6 Rf6 34. N6d4 c5 35. Nc2 Rhf8 36. Ne1 Qe6 37.
Qxh7 Qg4 38. Rd3 Qe6 39. Rb3+ Qxb3 40. Qxe7 Qe6 41. Qh7 Re8 42. Qd3 a6 43. b4 Ka7 44.
bxc5 dxc5 45. Nc2 Qxe2+ 46. Qxe2 Rxe2+ 47. Kxe2 b5 48. Ne3 c4 49. Nd5 Rf7 50. Ke3 a5 51.
Kd4 Ka6 52. f4 a4 53. Kc3 Rf5 54. Kd4 Rxd5+ 55. Kxd5 c3 56. f5 c2 57. f6 c1=R 58.
f7 Rf1 0-1

[Event "Late-Titled-Tuesday-Blitz-May-07-2024"]
[Site "Chess.com"]
[Date "2024.05.07"]
[Round "7"]
[White "maracayo"]
[Black "karinachess1"]
[Result "0-1"]
[WhiteElo "2378"]
[BlackElo "2591"]
[TimeControl "180+1"]
[EndTime "15:17:43 PDT"]
[Termination "karinachess1 won on time"]

1. e4 e5 2. Nf3 Nc6 3. Bb5 Nge7 4. O-O Ng6 5. c3 a6 6. Ba4 d6 7. d4 b5 8. Bb3 Be7 9. h3 O-O 10. Re1 Na5 11. Bc2 c5 12. Nbd2 Bb7 13. d5 Bc8 14. b3 c4 15. b4 Nb7 16. a4 Bd7 17. Nf1 f5 18. exf5 Bxf5 19. Bxf5 Rxf5 20. Ng3 Rf8 21. Be3 h6 22. Nd2 Nf4 23. Bxf4 Rxf4 24. Re4 Bg5 25. Rxf4 Bxf4 26. Nde4 Rc8 27. axb5 axb5 28.
Ra7 Rc7 29. Nf5 g6 30. Qg4 Kh7 31. Nh4 Rg7 32. Qe6 Bg5 33. Nf3 Kh8 34. g3 Nc5 35. bxc5 Rxa7 36. Nxd6 Qf6 37. Nxe5 Qxe6 38. dxe6 Kg7 39.
Nc6 Ra1+ 40. Kg2 Kf8 41. h4 Bf6 42. Nxb5 Ra6 43. Nb4 Rxe6 44. c6 Ke8 45. c7 Kd7 46. Nd5 Be5 47. f4 Bxc7 48. Ndxc7 Re2+ 49. Kf3 Rc2 50. Nd5 Ke6 51. Nb4 Rc1 52. Nd4+ Kd6 53.
Nb5+ Kc5 0-1

[Event "Late-Titled-Tuesday-Blitz-May-07-2024"]
[Site "Chess.com"]
[Date "2024.05.07"]
[Round "7"]
[White "FMOlexandrProhorov"]
[Black "SoCalJuniorChess"]
[Result "1-0"]
[WhiteElo "2312"]
[BlackElo "2182"]
[TimeControl "180+1"]
[EndTime "15:17:43 PDT"]
[Termination "FMOlexandrProhorov won by checkmate"]

1. e4 d5 2. exd5 Qxd5 3. Nc3 Qd8 4. d4 Nf6 5. Bc4 a6 6. a4 Nc6 7. Nge2 Bg4 8. h3 Bxe2 9. Nxe2 e5 10. Be3 exd4 11. Nxd4 Nxd4 12. Qxd4 Qxd4 13. Bxd4 Be7 14. O-O-O O-O-O 15. Rhe1 Bd6 16. Bxf7 Rhf8 17. Be6+ Kb8 18. Kb1 g6 19. Bc3 Nh5 20. Rd2 Nf4 21. g3 Nxe6 22. Rxe6 Rf3 23. Rde2 Bc5 24. Be1 Rd4 25. Re8+ Ka7 26.
a5 Rd1+ 27. Ka2 Bd6 28. Rh8 Rf7 29. Ree8 b6 30. f4 Kb7 31. axb6 cxb6 32. Re6 Bc5 33.
Bc3 a5 34. Kb3 Rg1 35. Be5 Rxg3+ 36. Kc4 Rg2 37. Kb5 Rxc2 38. Rb8+ Ka7 39. Ree8 Bd6 40.
Bxd6 Rf5+ 41. Ka4 Rd2 42. Re7+ Ka6 43. Ba3 Rd3 44. b4 Rd4 45. Re6 Ka7 46. Rbxb6 Ka8 47. Rbc6 Ka7 48. Rc7+ Kb8 49. Rxh7 Ka8 50. Re8+ Rd8 51.
Rxd8# 1-0

[Event "Late-Titled-Tuesday-Blitz-May-07-2024"]
[Site "Chess.com"]
[Date "2024.05.07"]
[Round "7"]
[White "Byniolus"]
[Black "LiemLe"]
[Result "0-1"]
[WhiteElo "2830"]
[BlackElo "3065"]
[TimeControl "180+1"]
[EndTime "15:17:44 PDT"]
[Termination "LiemLe won by checkmate"]

1. d4 Nf6 2. Nf3 g6 3. Bf4 Bg7 4. e3 O-O 5. Be2 d6 6. h3 c5 7.
c3 Qb6 8. Qb3 Be6 9. Qxb6 axb6 10. a3 Bd5 11. Nbd2 Bc6 12. O-O Nbd7 13. Rfe1 b5 14.
Bd3 Nd5 15. Bh2 f5 16. e4 fxe4 17. Bxe4 Rfe8 18. Rad1 cxd4 19. Nxd4 Bxd4 20. cxd4 N7f6 21. Bf3 b4 22. axb4 Nxb4 23. Re3 Nc2 24. Rd3 Bb5 25.
Rb3 Nxd4 26. Rb4 Ra4 27. Rxa4 Bxa4 28. Ra1 Nxf3+ 29. Nxf3 Bc6 30. Nd4 Kf7 31. Ra7 Bd5 32. Bf4 e5 33. Nb5 exf4 34. Nxd6+ Ke6 35. Nxe8 Nxe8 36. h4 Nd6 37. Ra4 Ke5 38. g4 fxg3 39.
fxg3 b5 40. Ra7 h5 41. Rg7 Be4 42. Kf2 Bf5 43. Rc7 Kd4 44. Kf3 Nc4 45. b4 Ne5+ 46. Kf4 Nd3+ 47. Kg5 Nxb4 48. Rb7 Bd3 49. g4 hxg4 50.
Kxg4 Nd5 51. Kg5 b4 52. h5 gxh5 53. Kxh5 Kc3 54. Kg4 b3 55. Rxb3+ Kxb3 56. Kg5 Kc4 57. Kg4 Kd4 58. Kg5 Ke5 59. Kh6 Kf6 60. Kh5 Ne7 61. Kh6 Be2 62. Kh7 Nf5 63. Kg8 Nh6+ 64. Kf8 Nf7 65. Kg8 Bd3 66. Kf8 Bh7 67. Ke8 Ne5 68.
Kf8 Nd7+ 69. Ke8 Ke6 70. Kd8 Kd6 71. Ke8 Bg6+ 72. Kd8 Nc5 73. Kc8 Bf7 74. Kd8 Nb7+ 75. Kc8 Kc6 76. Kb8 Kb6 77. Kc8 Be6+ 78. Kb8 Nc5 79.
Ka8 Bd7 80. Kb8 Na6+ 81. Ka8 Bc6# 0-1

[Event "Late-Titled-Tuesday-Blitz-May-07-2024"]
[Site "Chess.com"]
[Date "2024.05.07"]
[Round "7"]
[White "IndianSchoolOfSuffering"]
[Black "alexrustemov"]
[Result "1-0"]
[WhiteElo "2440"]
[BlackElo "2895"]
[TimeControl "180+1"]
[EndTime "15:17:44 PDT"]
[Termination "IndianSchoolOfSuffering won by checkmate"]

1. e4 e6 2. Qe2 c5 3. g3 Nc6 4. c3 g6 5. Bg2 Bg7 6. f4 Nge7 7. Nf3 O-O 8. O-O Rb8 9. d3 b5 10. Be3 d6 11. Nbd2 b4 12. Rfc1 Ba6 13. Nc4 bxc3 14.
bxc3 Na5 15. Nfd2 Qc7 16. Bf2 Rfc8 17. g4 Nxc4 18. Nxc4 d5 19. exd5 Nxd5 20. Bxd5 exd5 21. Ne5 Re8 22. Qf3 Qd6 23. d4 cxd4 24. cxd4 Rbc8 25. g5 f6 26. gxf6 Bxf6 27. Qe3 Qe6 28. Rxc8 Rxc8 29. Rc1 Rxc1+ 30. Qxc1 Qc8 31. Qc5 Qxc5 32.
dxc5 Bc8 33. Bd4 Bh4 34. Bf2 Bf6 35. Bd4 Bh4 36. Bf2 Bd8 37. Nc6 Bc7 38. Ne7+ Kf7 39. Nxc8 a6 40. Nd6+ Ke6 41. Bd4 Kd7 42. Kf2 Kc6 43. Ke3 Ba5 44. f5 gxf5 45. Nxf5 Bb4 46. Ne7+ Kb5 47. Nxd5 Bxc5 48. Nc7+ Kc6 49. Bxc5 Kxc7 50.
Kd4 Kc6 51. Bf8 Kb5 52. Ke5 Kc4 53. Kf6 Kc3 54. Kg7 h5 55. Kg6 h4 56. Kg5 h3 57.
Kg4 Kb2 58. a3 Ka2 59. Kxh3 a5 60. Kg4 a4 61. h4 Kb3 62. Bb4 Ka2 63. h5 Kb3 64. h6 Ka2 65. h7 Kb3 66. h8=Q Ka2 67. Qg8+ Ka1 68. Bc3+ Kb1 69. Qb8+ Kc2 70. Qb2+ Kd3 71.
Qb4 Kc2 72. Qxa4+ Kd3 73. Ba5 Ke2 74. Qc2+ Ke3 75. Bb6# 1-0

[Event "Late-Titled-Tuesday-Blitz-May-07-2024"]
[Site "Chess.com"]
[Date "2024.05.07"]
[Round "7"]
[White "GrotBchess"]
[Black "MKlose11"]
[Result "0-1"]
[WhiteElo "2514"]
[BlackElo "2673"]
[TimeControl "180+1"]
[EndTime "15:17:44 PDT"]
[Termination "MKlose11 won on time"]

1. e4 e6 2. d4 d5 3. Nc3 Bb4 4. e5 Ne7 5. Ne2 b6 6. a3 Bxc3+ 7. bxc3 Ba6 8. h4 Nbc6 9. h5 h6 10. g3 Qd7 11. Bg2 O-O-O 12. Nf4 Na5 13. a4 Kb8 14.
Ba3 Nec6 15. Nd3 Ka8 16. Nb4 Bc4 17. Qg4 f6 18. exf6 gxf6 19. Qf4 e5 20. dxe5 fxe5 21. Qd2 e4 22. Rh4 Rhe8 23. Qe3 Nxb4 24. Bxb4 Nc6 25. Ba3 a5 26. Rd1 Qe6 27. Bh3 Qf6 28. Rf4 Qg5 29. Rf7 Ne5 30. Qxg5 hxg5 31. Rf5 Nf3+ 32.
Rxf3 exf3+ 33. Kd2 Re2+ 34. Kc1 Rxf2 35. Bg4 Re8 36.
h6 Rh2 37. Bxf3 Rxh6 38. Bxd5+ Bxd5 39. Rxd5 Rh2 40. Rxg5 Ree2 41. Rg7 Kb7 42. Bd6 Rxc2+ 43. Kb1 Rxc3 44. Be5 Rc5 45. Bf4 Rhc2 46. g4 R2c4 47. Bd6 Rc6 48. Be5 Rxa4 49. g5 Rb4+ 50. Ka2 Rc2+ 51. Ka3 Rbc4 52. Rd7 b5 53. g6 Kb6 54.
g7 Rg2 55. Rd8 Rcg4 56. Rd7 b4+ 57. Ka4 Ra2+ 58. Kb3 Ra3+ 59. Kb2 Rg2+ 60. Kb1 Rb3+ 61. Ka1 Rf3 0-1

[Event "Late-Titled-Tuesday-Blitz-May-07-2024"]
[Site "Chess.com"]
[Date "2024.05.07"]
[Round "7"]
[White "ccccvhhhj"]
[Black "PapaieDudu"]
[Result "1-0"]
[WhiteElo "2488"]
[BlackElo "2363"]
[TimeControl "180+1"]
[EndTime "15:17:45 PDT"]
[Termination "ccccvhhhj won by checkmate"]

1. e4 c5 2. Nf3 d6 3. d4 cxd4 4. Nxd4 Nf6 5. Nc3 a6 6. Rg1 b5 7.
g4 h6 8. h4 Bb7 9. f3 d5 10.
g5 hxg5 11. hxg5 Nh5 12. exd5 b4 13. Ne4 Bxd5 14. g6 e5 15. gxf7+ Bxf7 16. Nf5 Qxd1+ 17. Kxd1 Nc6 18. Ned6+ Bxd6 19. Nxd6+ Ke7 20. Nxf7 Kxf7 21. Bc4+ Kf8 22. Be3 Nd4 23. c3 Nxf3 24. Rf1 e4 25. Kc2 Ng3 26. Rf2 Nf5 27. Bc5+ Ke8 28. cxb4 Rc8 29.
Bxa6 Rc7 30. Bb5+ Kf7 31. Bc4+ Kg6 32. Kc3 Kf6 33. a4 g5 34. a5 g4 35. a6 e3 36. Rg2 g3 37. a7 Ke5 38. Rf1 Nd2 39.
Rxf5+ Kxf5 40. Rxg3 Ne4+ 41. Kb3 Nxg3 42. Bxe3 Ne4 43.
Bd5 Rcc8 44. b5 Rhd8 45. Bb7 Ra8 46. b6 Rd3+ 47. Kb4 Rdd8 48. Bxa8 Rxa8 49. b7 Rxa7 50. Bxa7 Nf6 51. b8=Q Nd5+ 52. Kb3 Ne7 53. Qf8+ Ke6 54. Qf1 Nd5 55. Bd4 Kd7 56. Qf7+ Kc6 57. Qe6+ Kc7 58.
Qxd5 Kc8 59. Qc6+ Kd8 60. Bf6# 1-0

[Event "Late-Titled-Tuesday-Blitz-May-07-2024"]
[Site "Chess.com"]
[Date "2024.05.07"]
[Round "7"]
[White "GMG"]
[Black "NelsonLinda"]
[Result "1-0"]
[WhiteElo "2820"]
[BlackElo "2618"]
[TimeControl "180+1"]
[EndTime "15:17:46 PDT"]
[Termination "GMG won by resignation"]

1. Nf3 b6 2. g3 Bb7 3. Bg2 g6 4. d4 Bg7 5. c4 Nf6 6. d5 O-O 7.
Nc3 c6 8. O-O cxd5 9. cxd5 d6 10. Nd4 a6 11. h3 Nbd7 12. Be3 Ne5 13. b3 Rc8 14. Rc1 b5 15. Qd2 b4 16. Na4 Bxd5 17.
Qxb4 Bxg2 18. Kxg2 Nd5 19. Qd2 Nxe3+ 20. Qxe3 Qd7 21. Nf3 Qb7 22. Rfd1 h5 23. Qb6 Qa8 24. Qa5 Nxf3 25. exf3 Qb7 26. Qb6 Qa8 27. Rc7 Rxc7 28. Qxc7 Bf6 29. Nb6 Qb8 30. Qc6 Kg7 31. b4 Qa7 32. a4 Rb8 33. a5 Qb7 34. Rc1 Qxc6 35. Rxc6 Rb7 36. f4 Bb2 37. Kf3 Ba3 38. b5 axb5 39. a6 Ra7 40. Nc8 Ra8 41. Nxe7 Bc5 42.
Nd5 b4 43. Ke2 b3 44. Kd3 Bxf2 45. g4 hxg4 46. hxg4 Bc5 47. Kc3 Rb8 48. Kb2 Bd4+ 49. Kb1 b2 50. Rc4 Bc5 51. Nc7 Kf8 52. Rxc5 dxc5 53.
a7 Rc8 54. Kxb2 Ke7 55. a8=Q Rxa8 56. Nxa8 Ke6 57. Nb6 g5 58. f5+ Ke5 59. Nd7+ Kf4 60. Nf6 Ke5 61. Nh7 Kf4 62. Nf6 Ke5 63. Nh5 Ke4 64.
Kc3 Kd5 65. Kd3 c4+ 66. Kc3 Kc5 67. Nf6 Kd6 68. Kd4 c3 69. Ne4+ Kc6 70. Nxc3 f6 71.
Ne4 1-0

[Event "Late-Titled-Tuesday-Blitz-May-07-2024"]
[Site "Chess.com"]
[Date "2024.05.07"]
[Round "7"]
[White "Statham_01"]
[Black "Nicolik"]
[Result "0-1"]
[WhiteElo "2622"]
[BlackElo "2504"]
[TimeControl "180+1"]
[EndTime "15:17:49 PDT"]
[Termination "Nicolik won by checkmate"]

1. Na3 d5 2. d4 Nc6 3. Nf3 Bf5 4. c3 e6 5. Nc2 Nf6 6. Bg5 h6 7. Bh4 g5 8. Bg3 Ne4 9. e3 h5 10. h4 Nxg3 11. fxg3 g4 12. Ng1 Bd6 13. Kf2 Qf6 14. Ke2 Bxg3 15. Kd2 Bxh4 16. Bb5 Bg5 17. Ne2 Qg6 18.
Nb4 e5 19. dxe5 O-O 20. Bxc6 bxc6 21. Nf4 Bxf4 22. exf4 Rab8 23. Kc1 Rfd8 24. Nc2 c5 25. Ne3 d4 26. Nxf5 Qxf5 27. Qc2 Qxf4+ 28. Qd2 Qxd2+ 29. Kxd2 Rxb2+ 30. Kd3 Rxg2 31. Rxh5 Rg3+ 32. Kc4 Rxc3+ 33. Kb5 Kf8 34. Rf1 Ke7 35. Rhf5 Rf8 36. Rf6 Re3 37. Kxc5 Rxe5+ 38. Kxd4 Re6 39. R6f4 Rg6 40.
Kc5 g3 41. Re4+ Kd7 42. Rd1+ Kc8 43. Ra4 g2 44. Rg1 Rh8 45. Rxa7 Rh1 46. Rxg2 Rxg2 47.
Kc6 Rc2+ 48. Kd5 Rd1+ 49. Ke5 Re2+ 50. Kf6 Rf1+ 51. Kg7 Rg2+ 52. Kf8 f5 53. a4 f4 54. a5 Ra1 55. a6 Rga2 56. Ra8+ Kd7 57. Re8 Rxa6 58.
Re7+ Kd6 59. Re8 Ra8 60. Kg8 Rxe8+ 61. Kg7 Re6 62. Kf7 c5 63. Kg7 Ra7+ 64. Kg8 Re8# 0-1

[Event "Late-Titled-Tuesday-Blitz-May-07-2024"]
[Site "Chess.com"]
[Date "2024.05.07"]
[Round "7"]
[White "ExchangeAB"]
[Black "LUISMIGUELOV"]
[Result "1-0"]
[WhiteElo "2411"]
[BlackElo "2206"]
[TimeControl "180+1"]
[EndTime "15:17:50 PDT"]
[Termination "ExchangeAB won on time"]

1. d4 Nf6 2. Nf3 d5 3. Bf4 Bf5 4. e3 e6 5. c4 c6 6. Nc3 Bb4 7. Rc1 O-O 8. Bd3 Ne4 9. O-O Nd7 10. Ne5 Nxe5 11. Bxe5 f6 12. Bg3 Nxc3 13. bxc3 Bxd3 14. Qxd3 Bd6 15. cxd5 Bxg3 16. hxg3 exd5 17. c4 Rf7 18. cxd5 Qxd5 19. a4 Rd8 20. Qc4 a6 21. Qb4 Rdd7 22.
Rc5 Qd6 23. a5 g6 24. Rb1 Kg7 25. Qc3 h5 26. Rb6 Qe6 27. Qb3 Qxb3 28. Rxb3 Rfe7 29. Kh2 g5 30. g4 hxg4 31. Kg3 Re4 32. Rc1 f5 33.
Rc5 Kg6 34. Rb6 f4+ 35. exf4 gxf4+ 36. Kxg4 Rexd4 37. Rg5+ Kf6 38. Rf5+ Ke6 39. Rxf4 Rg7+ 40. Kf3 Rd3+ 41. Ke2 Rd5 42. g4 Rxa5 43. Rb3 Re5+ 44. Kf3 b5 45. Ra3 Ra7 46. Rf8 a5 47. Kf4 Rd5 48.
Re3+ Kd7 49. Rf7+ Kd6 50. Rxa7 a4 51. g5 Rd4+ 52. Kf5 Rd5+ 53. Kf6 Rd4 54. g6 Rf4+ 55.
Kg7 Rxf2 56. Rg3 Kc5 57. Kh8 Kb6 58. Rf7 Rh2+ 59. Rh7 Rd2 60. g7 Rd8+ 61. g8=Q Rxg8+ 62. Kxg8 b4 63. Kf7 a3 64. Rhh3 a2 65. Rh1 1-0

[Event "Late-Titled-Tuesday-Blitz-May-07-2024"]
[Site "Chess.com"]
[Date "2024.05.07"]
[Round "7"]
[White "PNEPaul"]
[Black "martinmena"]
[Result "1/2-1/2"]
[WhiteElo "1943"]
[BlackElo "2133"]
[TimeControl "180+1"]
[EndTime "15:17:50 PDT"]
[Termination "Game drawn by repetition"]

1. e4 c6 2. d4 d5 3. Nc3 dxe4 4. f3 exf3 5. Nxf3 Bg4 6. Be2 Nf6 7. O-O e6 8. Bg5 Be7 9. Qd2 O-O 10. Ne5 Bxe2 11.
Nxe2 Ne4 12. Bxe7 Qxe7 13. Qe3 Nd6 14. b3 Nd7 15. c4 Nf5 16. Qc3 Nxe5 17. dxe5 Qg5 18.
Nd4 Nxd4 19. Qxd4 Rfd8 20. Qf4 Qxf4 21. Rxf4 Rd7 22. Raf1 Rad8 23. h3 Re7 24. Kh2 Rd2 25.
R4f2 Red7 26. g4 Rxf2+ 27. Rxf2 Rd1 28. Kg2 Re1 29. Rd2 g6 30. Rd7 Rxe5 31. Rxb7 Re2+ 32. Kf3 Rxa2 33. Ke4 a5 34. Kd4 a4 35. bxa4 Rxa4 36.
Rc7 Ra3 37. Rxc6 Rxh3 38. Rb6 Rg3 39. c5 Rxg4+ 40. Ke5 Rc4 41. Kf6 Rf4+ 42. Ke7 h5 43.
c6 Rc4 44. Kd7 h4 45. Rb3 g5 46. c7 g4 47. Rb6 g3 48. Rc6 Rd4+ 49. Ke7 g2 50.
c8=Q+ Kh7 51. Rc1 Rg4 52. Qf8 g1=Q 53. Rxg1 Rxg1 54. Qd8 h3 55. Qd3+ Rg6 56. Qxh3+ Kg7 57. Qc3+ Kg8 58. Qc8+ Kg7 59. Qc3+ Kg8 60. Qc8+ Kg7 61.
Qc3+ 1/2-1/2

[Event "Late-Titled-Tuesday-Blitz-May-07-2024"]
[Site "Chess.com"]
[Date "2024.05.07"]
[Round "7"]
[White "penguingm1"]
[Black "only_strong_moves"]
[Result "0-1"]
[WhiteElo "2877"]
[BlackElo "2709"]
[TimeControl "180+1"]
[EndTime "15:17:51 PDT"]
[Termination "only_strong_moves won by resignation"]

1. d4 Nf6 2. c4 e6 3. Nc3 d5 4.
cxd5 exd5 5. Bg5 c6 6. e3 Be7 7. Bd3 O-O 8. Nge2 Nbd7 9. Qc2 Re8 10. O-O Nf8 11. f3 Nh5 12. Bxe7 Qxe7 13. e4 dxe4 14. fxe4 Bg4 15. Rf2 Rad8 16. Raf1 Bxe2 17. Bxe2 Qg5 18. Rxf7 Nf6 19. Qb3 Ne6 20. R7xf6 gxf6 21. Bc4 Kf7 22. e5 f5 23. Ne4 Qg4 24. Qxb7+ Kg6 25. Nf6 Qxd4+ 26.
Kh1 Qxe5 27. Nxe8 Rxe8 28. Qxc6 Re7 29. Bd3 Kg7 30. Rxf5 Qe3 31. Rf3 Qe1+ 32. Rf1 Qe3 33. Bc4 Nf4 34. g3 Ng6 35. Qf6+ Kh6 36. Rf4 Qe1+ 37.
Kg2 Qd2+ 38. Kh3 Qd7+ 39. Kg2 Qd2+ 40. Rf2 Qe3 41. Bd5 Re5 42. Bf3 Qd3 43. h4 Rf5 44.
Qc3 Qd6 45. Qe3+ Kg7 46. h5 Ne5 47. Be4 Rxf2+ 48. Qxf2 Qe6 49. Qf4 Nf7 50. Bf5 Qe2+ 51. Qf2 Qe5 52. Bd3 Qd5+ 53. Qf3 Qd6 54. Qg4+ Kf8 55.
Qf5 Ke7 56. Bc4 Ne5 57. Qg5+ Kd7 58. Be2 Qd5+ 59. Kg1 Nf3+ 60. Bxf3 Qxg5 0-1

[Event "Late-Titled-Tuesday-Blitz-May-07-2024"]
[Site "Chess.com"]
[Date "2024.05.07"]
[Round "7"]
[White "Denisenko_Denis"]
[Black "ahmedkandiliii"]
[Result "1-0"]
[WhiteElo "2429"]
[BlackElo "2643"]
[TimeControl "180+1"]
[EndTime "15:17:51 PDT"]
[Termination "Denisenko_Denis won by checkmate"]

1. e4 g6 2. d4 Bg7 3. Nf3 c6 4. Nc3 d5 5. h3 dxe4 6. Nxe4 Nf6 7. Nxf6+ exf6 8. Be2 O-O 9. O-O Be6 10. Bf4 Nd7 11.
Qd2 Re8 12. Rfe1 b5 13. b3 Nb6 14. c3 a5 15. Qc2 a4 16. c4 axb3 17. axb3 Rxa1 18.
Rxa1 bxc4 19. bxc4 Bf5 20. Qb2 g5 21. Be3 Qc7 22. d5 Rb8 23. d6 Qd8 24. c5 Nd5 25.
Qd2 Nxe3 26. Qxe3 Be6 27. Nd4 Bd5 28. Bf3 Bxf3 29. Qxf3 f5 30. Nxc6 Qe8 31. Nxb8 Bxa1 32. Nc6 Qe1+ 33. Kh2 Be5+ 34. Nxe5 Qxe5+ 35. Qg3 f4 36. Qd3 f3+ 37. g3 Qxc5 38. Qd2 Qc8 39. Qxg5+ Kh8 40.
Qf6+ Kg8 41. Qxf3 Qd7 42. Qg4+ Qxg4 43. hxg4 Kf8 44. Kh3 Ke8 45. Kh4 Kd7 46. Kh5 Kxd6 47. Kh6 Ke6 48. Kxh7 Kf6 49. Kh6 Ke6 50. Kg5 Ke7 51.
Kf5 Kf8 52. Kf6 Kg8 53. g5 Kf8 54. g6 fxg6 55. Kxg6 Kg8 56. f4 Kf8 57. f5 Kg8 58. f6 Kf8 59. f7 Ke7 60. Kg7 Ke6 61.
f8=Q Ke5 62. g4 Ke4 63. g5 Ke3 64. g6 Ke2 65. Kf7 Ke3 66. g7 Kd3 67. g8=Q Ke3 68. Qg6 Kd4 69. Qe6 Kc3 70. Qd8 Kb2 71. Qec8 Ka1 72. Qa8+ Kb2 73. Qb7+ Kc3 74. Qbc7+ Kb2 75. Qdb8+ Ka3 76. Qca7# 1-0